 Dungeon Crawl Stone Soup version 0.25-a0-890-g62861fb195 (webtiles) character file.

Game seed: 7207415986865661361, levelgen mode: deterministic

175 Hasart the Insei (level 5, 0/35 HPs)
             Began as an Octopode Transmuter on May 2, 2020.
             Slain by an iguana (8 damage)
             ... on level 4 of the Dungeon.
             The game lasted 00:05:10 (3054 turns).

Hasart the Insei (Octopode Transmuter)              Turns: 3054, Time: 00:05:11

Health: 0/35       AC:  1    Str: 11    XL:     5   Next: 55%
Magic:  7/8        EV: 14    Int: 15    God:
Gold:   123        SH:  0    Dex: 12    Spells: 2/8 levels left

rFire    . . .     SeeInvis .     - Unarmed
rCold    . . .     Gourm    .   (no shield)
rNeg     . . .     Faith    .   (helmet restricted)
rPois    .         Spirit   .   (no amulet)
rElec    .         Reflect  .   (no ring)
rCorr    .         Harm     .   (no ring)
MR       .....                  (no ring)
Stlth    ++........             (no ring)
HPRegen  0.11/turn              (no ring)
MPRegen  0.11/turn              (no ring)
                                (no ring)
                                (no ring)

@: appendage
A: almost no armour, stealthy swim, amphibious, 8 rings, constrict 8, tentacle
spike 3, camouflage 1, gelatinous body 1
a: End Transformation


You were on level 4 of the Dungeon.
You were not hungry.
One of your tentacles had a temporary spike.
You visited 1 branch of the dungeon, and saw 4 of its levels.

You collected 123 gold pieces.

Inventory:

Missiles
 a - 31 arrows
Scrolls
 g - a scroll of random uselessness {unknown}
 h - a scroll of remove curse {unknown}
 j - a scroll of enchant weapon {unknown}
 k - a scroll of noise {unknown}
 m - 2 scrolls of identify {unknown}
 o - a scroll of teleportation {unknown}
Potions
 b - 2 potions of berserk rage {unknown}
 d - a potion of curing {unknown}
 e - 2 potions of cancellation {unknown}
 f - a potion of heal wounds {unknown}
 i - a potion of degeneration {unknown}
 l - a potion of mutation {unknown}
Comestibles
 c - 7 rations
 n - 6 chunks of flesh


   Skills:
 + Level 2.4 Fighting
 + Level 3.0 Dodging
 * Level 4.5 Unarmed Combat
 - Level 2.0 Spellcasting
 + Level 2.4 Transmutations
 + Level 1.3 Poison Magic


You had 2 spell levels left.
You knew the following spells:

 Your Spells              Type           Power        Failure   Level  Hunger
a - Beastly Appendage     Tmut           #.....       9%          1    #......
b - Spider Form           Tmut/Pois      #.........   30%         3    ###....
c - Sticks to Snakes      Tmut           #.......     13%         2    ###....

Your spell library contained the following spells:

 Spells                   Type           Power        Failure   Level  Hunger
 Ice Form                 Ice/Tmut       #.......     80%         4    #####..
 Blade Hands              Tmut           #.........   93%         5    ######.


Dungeon Overview and Level Annotations

Branches:
Dungeon (4/15)
 Temple: D:4-7

Altars:
Cheibriados
Kikubaaqudgha
Ru
Vehumet
Xom
The Shining One


Innate Abilities, Weirdness & Mutations

You cannot wear most types of armour.
You are very stealthy in the water. (Stealth+)
You are amphibious.
You can wear up to eight rings at the same time.
You can use your tentacles to constrict eight enemies at once.
Your skin changes colour to match your surroundings (Stealth+).
Your rubbery body absorbs attacks. (AC +1, EV +1)
One of your tentacles bears a large vicious spike.


Message History

You constrict the iguana.
The iguana bites you but does no damage.
You tentacle-slap the iguana but do no damage.
The iguana is moderately wounded.
You constrict the iguana, but do no damage.
The iguana bites you.
* * * LOW HITPOINT WARNING * * *
You tentacle-slap the iguana but do no damage.
Your squeeze misses the iguana.
The iguana is moderately wounded.
You constrict the iguana. The iguana barely misses you.
Casting: Beastly Appendage (safe; 9% risk of failure)
Confirm with . or Enter, or press ? or * to list all spells.
The spell is quite dangerous to cast (30% risk of failure)!
Continue anyway?
Okay, then.
Casting: Spider Form (quite dangerous; 30% risk of failure)
Confirm with . or Enter, or press ? or * to list all spells.
One of your tentacles grows a vicious spike.
You constrict the iguana. The iguana bites you!
You die...

#.................#.
..#...#..###.......##.
......##.###..........
..........##......รท...
. ..............#......
..## ....#.......#......
.... #.##..............
..##<%#.................
......l@................
......................#.
.%.......##...........##
.........#...........
.........#..........
##..)..............
##....... .......
....(.##.


You could see an iguana.

Vanquished Creatures
  A hound (D:4)
  An iguana (D:4)
  6 adders
  A worm (D:2)
  3 dart slugs
  5 orcs (D:3)
  5 giant cockroaches
  8 goblins
  4 hobgoblins
  9 kobolds
  5 bats
  5 rats
53 creatures vanquished.

Notes
Turn   | Place    | Note
-------+----------+-------------------------------------------
     0 | D:1      | Hasart the Octopode Transmuter began the quest for the Orb.
     0 | D:1      | Reached XP level 1. HP: 13/13 MP: 3/3
   160 | D:1      | Reached XP level 2. HP: 17/18 MP: 5/5
   996 | D:2      | Reached XP level 3. HP: 4/23 MP: 4/6
  1645 | D:2      | Found a glowing golden altar of the Shining One.
  2167 | D:3      | Found a snail-covered altar of Cheibriados.
  2294 | D:3      | Reached skill level 4 in Unarmed Combat
  2294 | D:3      | Reached XP level 4. HP: 22/29 MP: 5/7
  2308 | D:3      | Learned a level 3 spell: Spider Form
  2794 | D:3      | Found a radiant altar of Vehumet.
  2805 | D:3      | Found a shimmering altar of Xom.
  2890 | D:3      | Found an ancient bone altar of Kikubaaqudgha.
  2965 | D:4      | Reached XP level 5. HP: 34/34 MP: 8/8
  2987 | D:4      | Reached skill level 1 in Poison Magic
  2997 | D:4      | Found a sacrificial altar of Ru.
  3034 | D:4      | Learned a level 2 spell: Sticks to Snakes
  3054 | D:4      | Slain by an iguana

Levels and vault maps discovered:
D:1:      minmay_arrival_nine_rooms, layout_basic, minmay_tetromino_o4
D:2:      layout_basic, serial_bayou, serial_bayou_lagoon_a,
          serial_bayou_shore_b, serial_bayou_pond_b, serial_bayou_lake_a,
          tso_altar
D:3:      layout_rooms, old_standard_altar, kiku_gazebo_garden_becter,
          amethyst_overflow_temple_binary, guppyfry_early_orc_mine
D:4:      layout_cave_pools, minitemple, kennysheep_mini, lemuel_doored_altar,
          minmay_manual_macuahuitl, uniq_robin, uniq_eustachio

Skill      XL: |  1  2  3  4  5 |
---------------+----------------+-----
Fighting       | 2 |  2.4
Unarmed Combat | 4 |  4.5
Poison Magic   | 1 |  1.3
Dodging        | 3 |  3.0
Spellcasting   | |  2.0
Transmutations | |  2.4

Action                   |  1- 3 |  4- 6 || total
-------------------------+-------+-------++-------
Melee: Unarmed           |    77 |    63 ||   140
       Constrict         |    19 |    17 ||    36
       Tentacles         |     9 |    12 ||    21
       Kick              |     8 |     2 ||    10
       Punch             |     1 |     1 ||     2
 Cast: Beastly Appendage |     4 |     2 ||     6
 Stab: Sleeping          |     5 |     1 ||     6
  Eat: Chunk             |     4 |     3 ||     7
Armor: Skin              |    12 |     6 ||    18
Dodge: Dodged            |    50 |    46 ||    96

Table legend:
 A = Non-vault XP
 B = Vault XP
 C = Vault XP percentage of total XP
 D = Non-vault monster count
 E = Vault monster count
 F = Vault count percentage of total count
                 A         B        C        D         E       F
            +---------+---------+-------+---------+---------+-------
      Total |     223 |      28 |  11.2 |      39 |      14 |  26.4
            +---------+---------+-------+---------+---------+-------
        D:1 |      25 |       4 |  13.8 |      14 |       2 |  12.5
        D:2 |      13 |       8 |  38.1 |       5 |       5 |  50.0
        D:3 |      88 |      16 |  15.4 |      16 |       7 |  30.4
        D:4 |      97 |       0 |   0.0 |       4 |       0 |   0.0
            +---------+---------+-------+---------+---------+-------
